 Dungeon Crawl Stone Soup version 0.21.1-74-g47da925 (webtiles) character file.

2126 Mesmaeker13 the Chiller (level 9, -3/51 HPs)
             Began as an Octopode Ice Elementalist on Aug 16, 2018.
             Slain by a killer bee (9 damage)
             ... on level 7 of the Dungeon.
             The game lasted 00:21:13 (10898 turns).

Mesmaeker13 the Chiller (OpIE)                     Turns: 10898, Time: 00:21:14

Health: -3/51      AC:  3    Str:  9    XL:     9   Next: 29%
Magic:  8/13       EV: 16    Int: 28    God:
Gold:   432        SH:  0    Dex: 12    Spells: 4/14 levels left

rFire    . . .     SeeInvis .   d - +1 short sword (venom)
rCold    . . .     Gourm    .   (no shield)
rNeg     . . .     Faith    .   (helmet restricted)
rPois    .         Spirit   .   l - amulet of regeneration
rElec    .         Reflect  .   s - ring of Uxkas {rCorr Int+9}
rCorr    +         Harm     .   e - +2 ring of protection
MR       .....                  (no ring)
Stlth    +++.......             (no ring)
HPRegen  0.57/turn              (no ring)
MPRegen  0.13/turn              (no ring)
                                (no ring)
                                (no ring)

@: lethally poisoned (-3 -> -7), flying
A: almost no armour, stealthy swim, amphibious, 8 rings, constrict 8, camouflage
1, gelatinous body 1
a: no special abilities


You were on level 7 of the Dungeon.
You were not hungry.

You visited 1 branch of the dungeon, and saw 7 of its levels.
You also visited: Sewer.

You collected 432 gold pieces.

Inventory:

Hand Weapons
 d - a +1 short sword of venom (weapon)
 q - a +0 blowgun
Missiles
 j - 4 needles of frenzy
 k - 3 tomahawks of returning (quivered)
 r - 27 poisoned needles
Jewellery
 e - a +2 ring of protection (right tentacle)
 l - an amulet of regeneration (around mantle)
 n - an uncursed amulet of faith
 s - the ring of Uxkas (left tentacle) {rCorr Int+9}
   (You found it on level 4 of the Dungeon)

   [ring of resist corrosion]

   It affects your intelligence (+9).
Wands
 t - a wand of flame (31)
 x - a wand of paralysis (10)
 D - a wand of polymorph (16)
Scrolls
 h - 4 scrolls of remove curse
 m - a scroll of fear
 o - a scroll of teleportation
 v - 3 scrolls of amnesia
 w - a scroll of enchant weapon
 y - a scroll of identify
 C - a scroll of enchant armour {unknown}
Potions
 c - 2 potions of might
 f - 2 potions of flight
 g - a potion of magic
 i - 3 potions of agility
 p - a potion of curing {unknown}
 u - 2 potions of mutation {unknown}
 z - a potion of resistance {unknown}
 B - a potion of heal wounds {unknown}
Books
 a - a book of Frost

   Spells                             Type                      Level
   a - Freeze                         Ice                          1
   b - Throw Frost                    Conjuration/Ice              2
   c - Ozocubu's Armour               Charms/Ice                   3
   d - Throw Icicle                   Conjuration/Ice              4
   e - Summon Ice Beast               Ice/Summoning                4
Comestibles
 b - 11 rations


   Skills:
 + Level 6.5 Dodging
 - Level 2.6 Stealth
 + Level 3.1 Spellcasting
 - Level 4.2 Conjurations
 - Level 4.2 Charms
 + Level 4.2 Summonings
 + Level 6.9 Ice Magic


You had 4 spell levels left.
You knew the following spells:

 Your Spells              Type           Power        Failure   Level  Hunger
a - Freeze                Ice            ####         1%          1    None
b - Throw Frost           Conj/Ice       #####.       1%          2    #......
c - Ozocubu's Armour      Chrm/Ice       #####...     2%          3    ###....
d - Summon Ice Beast      Ice/Summ       #####...     9%          4    ####...


Dungeon Overview and Level Annotations

Branches:
Dungeon (7/15)             Temple (0/1) D:7

Altars:
Kikubaaqudgha
Nemelex Xobeh
Okawaru


Innate Abilities, Weirdness & Mutations

You cannot wear most types of armour.
You are very stealthy in the water. (Stealth+)
You are amphibious.
You can wear up to eight rings at the same time.
You can use your tentacles to constrict eight enemies at once.
Your skin changes colour to match your surroundings (Stealth+).
Your rubbery body absorbs attacks. (AC +1, EV +1)


Message History

Casting: Freeze
Confirm with . or Enter, or press ? or * to list all spells.
Aiming: Freeze
Press: ? - help, Shift-Dir - straight line, f/p - killer bee
Aim: a killer bee (heavily wounded)
You freeze the killer bee.
The killer bee is almost dead.
The killer bee stings you!
* * * LOW HITPOINT WARNING * * *
You are poisoned.
The killer bee poisons you! The killer bee stings you!
* * * LOW HITPOINT WARNING * * *
You are more poisoned.
The killer bee poisons you! The killer bee misses you.
The killer bee closely misses you.
It was a potion of flight.
You feel very buoyant.
You fly up into the air.
You feel sick. The killer bee closely misses you. The killer bee stings you!
You die...

####### #@†...#
#....yy###.#
#......# #.#
#......# #.# ###
.......... ... ..#
......... #.#
#.##..#......######
#.#
#.##..#............
#.#
#.##..#...........


You could see 2 killer bees.

Vanquished Creatures
  A sky beast (D:5)
  An ice beast (D:4)
  A big kobold (D:7)
  3 bullfrogs
  2 killer bees
  A scorpion (D:7)
  2 howler monkeys
  A bullfrog zombie (D:5)
  A hound (D:4)
  A jelly (D:6)
  An orc wizard (D:6)
  2 orc priests (D:3)
  7 gnolls
  Ijyb (D:5)
  2 iguanas (D:6)
  4 worker ants
  A hound zombie (D:5)
  2 hound skeletons (D:5)
  A worker ant zombie (D:6)
  14 adders
  A river rat (D:3)
  A shadow imp (D:5)
  6 oozes
  2 adder skeletons
  4 worms (D:2)
  2 dart slugs
  19 leopard geckos
  14 orcs
  16 giant cockroaches
  6 goblins
  11 hobgoblins
  13 jackals
  12 kobolds
  2 quokkas (D:3)
  17 ball pythons
  12 bats
  16 frilled lizards
  A leopard gecko skeleton (D:6)
  6 rats
  A fungus (D:5)
211 creatures vanquished.

Vanquished Creatures (collateral kills)
  A troll (D:7)
  Duvessa (D:4)
  An orc warrior (D:6)
  An ogre (D:4)
  A centaur (D:5)
  A bullfrog (D:6)
  2 scorpions
  Dowan (D:4)
  A howler monkey (D:7)
  2 crimson imps
  A centaur skeleton (D:5)
  An orc priest (D:7)
  4 orc wizards
  5 gnolls
  A howler monkey skeleton (D:5)
  An adder (D:7)
  An adder skeleton (D:4)
  6 orcs
  A giant cockroach (D:6)
  A kobold (D:7)
34 creatures vanquished.

Grand Total: 245 creatures vanquished

Notes
Turn   | Place    | Note
-------+----------+-------------------------------------------
     0 | D:1      | Mesmaeker13 the Octopode Ice Elementalist began the quest for the Orb.
     0 | D:1      | Reached XP level 1. HP: 11/11 MP: 3/3
   277 | D:1      | Reached XP level 2. HP: 11/17 MP: 0/5
   983 | D:1      | Reached XP level 3. HP: 21/21 MP: 2/6
  1163 | D:2      | Learned a level 2 spell: Throw Frost
  2045 | D:2      | Reached XP level 4. HP: 21/27 MP: 3/7
  2528 | D:2      | Found a sparkling altar of Nemelex Xobeh.
  3274 | D:3      | Learned a level 3 spell: Ozocubu's Armour
  3487 | D:3      | Found a glowing drain.
  3489 | D:3      | Reached XP level 5. HP: 29/31 MP: 8/8
  3514 | Sewer    | Entered a sewer
  4429 | Sewer    | Reached XP level 6. HP: 36/36 MP: 7/9
  4762 | Sewer    | Reached skill level 1 in Charms
  5584 | D:3      | Reached XP level 7. HP: 41/41 MP: 10/10
  5814 | D:3      | Reached skill level 5 in Ice Magic
  6529 | D:4      | Got a bound bronze ring
  6530 | D:4      | Identified the ring of Uxkas {rCorr Int+9} (You found it on level 4 of the Dungeon)
  6543 | D:4      | Learned a level 4 spell: Summon Ice Beast
  6828 | D:4      | Noticed Dowan
  6859 | D:4      | Killed Dowan
  6964 | D:4      | Noticed Duvessa
  6972 | D:4      | Killed Duvessa
  6972 | D:4      | Reached skill level 5 in Dodging
  6991 | D:4      | Reached skill level 1 in Summonings
  7383 | D:4      | Reached XP level 8. HP: 29/46 MP: 8/11
  7424 | D:4      | You fall through a shaft for 2 floors!
  7472 | D:5      | Entered Level 5 of the Dungeon
  7687 | D:5      | Noticed Ijyb
  7698 | D:5      | Killed Ijyb
  8464 | D:6      | Found an ancient bone altar of Kikubaaqudgha.
 10440 | D:7      | Found an iron altar of Okawaru.
 10466 | D:7      | Reached XP level 9. HP: 51/51 MP: 12/12
 10499 | D:7      | Found a staircase to the Ecumenical Temple.
 10501 | D:7      | Noticed a troll
 10712 | D:7      | Killed a troll
 10898 | D:7      | Slain by a killer bee

Skill      XL: |  1  2  3  4  5  6  7  8  9 |
---------------+----------------------------+-----
Dodging        | 3 4 5 6 |  6.5
Ice Magic      | 4 5 6 |  6.9
Conjurations   | 2 3 4 |  4.2
Charms         | 1 3 4 |  4.2
Summonings     | 1 3 4 |  4.2
Spellcasting   | 3 |  3.1
Stealth        | |  2.6

Action                   |  1- 3 |  4- 6 |  7- 9 || total
-------------------------+-------+-------+-------++-------
Melee: Unarmed           |     9 |       |       ||     9
       Tentacles         |     5 |    12 |    19 ||    36
       Dagger            |    16 |   103 |    17 ||   136
       Constrict         |     5 |    24 |    30 ||    59
       Short sword       |       |       |    88 ||    88
 Fire: Blowgun           |       |       |     1 ||     1
Throw: Throwing net      |       |       |     1 ||     1
 Cast: Freeze            |    52 |   117 |   120 ||   289
       Throw Frost       |     1 |     2 |    14 ||    17
       Summon Ice Beast  |       |       |    22 ||    22
       Ozocubu's Armour  |       |       |     2 ||     2
Evoke: Wand              |       |       |     9 ||     9
  Use: Scroll            |       |     5 |     8 ||    13
       Potion            |       |       |     2 ||     2
 Stab: Sleeping          |     2 |    11 |    10 ||    23
       Distracted        |       |     1 |     1 ||     2
       Paralysed         |       |       |     1 ||     1
  Eat: Chunk             |     4 |    13 |    22 ||    39
Armor: Skin              |     7 |    14 |    27 ||    48
Dodge: Dodged            |    45 |   138 |   187 ||   370
